[Event "Titled Tuesday Blitz June 20 Early 2023"]
[White "Itkis, Boris"]
[Black "Garv Gaur"]
[WhiteFideId "1209167"]
[BlackFideId "45030839"]
[WhiteElo "2219"]
[BlackElo "2068"]
[Result "1-0"]
[Round "5"]
[TimeControl "180+2"]
[Date "2023.06.20"]
[WhiteClock "0:01:54"]
[BlackClock "0:00:29"]
[Board "118"]

1. c4 e5 2. Nf3 Nc6 3. Nc3 Nf6 4. e4 Bc5 5. Nxe5 Nxe5 6. d4 Bxd4 7. Qxd4 Nc6 8. Qd1 h6 9. Be2 d6 10. O-O O-O 11. b3 Re8 12. f3 Be6 13. Bb2 Ne5 14. f4 Nc6 15. Bf3 a5 16. Qd2 Bg4 17. Rae1 Bxf3 18. Rxf3 a4 19. Rg3 Kh8 20. Nd5 axb3 21. Nxf6 gxf6 22. f5 Kh7 23. Rh3 1-0


[Site "https://www.chess.com"]

[Event "Titled Tuesday Blitz June 20 Early 2023"]
[White "Trifan, Andrei Ioan"]
[Black "FromTexas54"]
[WhiteFideId "12967068"]
[WhiteElo "2208"]
[BlackElo "2423"]
[Result "1-0"]
[Round "5"]
[TimeControl "180+2"]
[Date "2023.06.20"]
[WhiteClock "0:00:23"]
[BlackClock "0:00:03"]
[Board "119"]

1. Nf3 g6 2. e4 Bg7 3. d4 d6 4. c4 Nf6 5. Nc3 O-O 6. Be2 Na6 7. Be3 e5 8. dxe5 dxe5 9. Qxd8 Rxd8 10. h3 Re8 11. O-O c6 12. Rfd1 Bf8 13. a3 Nc5 14. Nd2 Ne6 15. b4 Nd4 16. f3 Nc2 17. Kf2 Nxa1 18. Rxa1 a5 19. b5 Be6 20. b6 Nd7 21. Na4 f5 22. Ke1 Kf7 23. exf5 gxf5 24. c5 Kf6 25. Rc1 Red8 26. g4 f4 27. Bf2 Bd5 28. Bh4+ Ke6 29. Bxd8 Rxd8 30. Bd3 h6 31. Bf5+ Kf6 32. Bxd7 Rxd7 33. Nc3 Ke6 34. Nce4 Rh7 35. Nc4 a4 36. Ncd2 Be7 37. Ke2 h5 38. g5 h4 39. Rb1 Kf5 40. Rb4 Bxg5 41. Rxa4 Bd8 42. Ra8 Be7 43. Rb8 Rg7 44. Rxb7 Rg2+ 45. Kf1 Rxd2 46. Nxd2 Bxc5 47. Rb8 Be3 48. Ke2 e4 49. fxe4+ Bxe4 50. Nxe4 Kxe4 51. b7 f3+ 52. Kf1 Bf4 53. Re8+ Kd3 54. b8=Q Bxb8 55. Rxb8 c5 56. Kf2 c4 57. Rc8 c3 58. Kxf3 c2 59. a4 1-0


[Site "https://www.chess.com"]

[Event "Titled Tuesday Blitz June 20 Early 2023"]
[White "Pham, Khoi"]
[Black "Gatterer, Florian"]
[WhiteFideId "1054988"]
[BlackFideId "811688"]
[WhiteElo "2547"]
[BlackElo "2221"]
[Result "1-0"]
[Round "5"]
[TimeControl "180+2"]
[Date "2023.06.20"]
[WhiteClock "0:00:19"]
[BlackClock "0:00:00"]
[Board "120"]

1. e4 c5 2. Nf3 e6 3. g3 Nc6 4. Bg2 Nf6 5. Qe2 e5 6. O-O Be7 7. c3 O-O 8. Na3 d6 9. Rd1 Bg4 10. h3 Bh5 11. Nc4 Re8 12. d3 b5 13. Ne3 Rb8 14. g4 Bg6 15. Nh4 Nd7 16. Nhf5 Bf8 17. Rf1 f6 18. Nd5 Ne7 19. Nfxe7+ Bxe7 20. f4 Bf7 21. f5 Nb6 22. c4 bxc4 23. dxc4 Nxd5 24. exd5 h6 25. Be4 a5 26. h4 Rf8 27. Kh1 Qe8 28. Rg1 a4 29. g5 Bh5 30. Qh2 Kh7 31. g6+ Kg8 32. Be3 Qd7 33. Qd2 Rfc8 34. Bxh6 Qb7 35. Rab1 Qb4 36. b3 Qxd2 37. Bxd2 Bd8 38. Rg3 Ra8 39. Bf3 Bxf3+ 40. Rxf3 Rcb8 41. h5 Be7 42. h6 gxh6 43. Bxh6 Bf8 44. Bd2 Be7 45. Kg2 Kg7 46. Rh1 Rh8 47. Rxh8 Kxh8 48. Rh3+ Kg8 49. b4 cxb4 50. Bxb4 Rb8 51. a3 Bf8 52. Rh7 Rc8 53. Rh4 Rc7 54. Kf3 Rc8 55. Ke2 Rb8 56. Kd3 Rc8 57. Rh7 Rb8 58. Rc7 Rb6 59. Rc6 Rb7 60. Rc8 Kg7 61. Ra8 Be7 62. Rxa4 Rc7 63. Ra6 e4+ 64. Kc3 e3 65. Rc6 Rb7 66. Kd3 Ra7 67. Kxe3 Rb7 68. Kd3 Rd7 69. c5 dxc5 70. Bxc5 Rxd5+ 71. Kc4 Bxc5 72. Rxc5 Rd1 73. a4 Kg8 74. a5 Ra1 75. Kb5 Rb1+ 76. Kc6 Kg7 77. a6 Kh6 78. a7 Ra1 79. Kb7 Kg5 80. a8=Q Rb1+ 81. Kc7 Kf4 82. Qa4+ 1-0


[Site "https://www.chess.com"]

[Event "Titled Tuesday Blitz June 20 Early 2023"]
[White "Mamedov, Edgar"]
[Black "Ramirez Vido, Robert Yorisan"]
[WhiteFideId "13739980"]
[BlackFideId "3513823"]
[WhiteElo "2317"]
[BlackElo "2416"]
[Result "1-0"]
[Round "5"]
[TimeControl "180+2"]
[Date "2023.06.20"]
[WhiteClock "0:01:38"]
[BlackClock "0:01:02"]
[Board "121"]

1. d4 g6 2. Nf3 Nf6 3. Bf4 Bg7 4. e3 d6 5. h3 O-O 6. Be2 Nc6 7. O-O e5 8. dxe5 Ne4 9. Qd5 dxe5 10. Qxd8 Rxd8 11. Bh2 Nb4 12. Na3 Nd2 13. Rfd1 Nxf3+ 14. Bxf3 Re8 15. c3 Na6 16. Nb5 Be6 17. Bxb7 Nc5 18. Bxa8 Rxa8 19. Nxc7 Rb8 20. b4 Ne4 21. Nxe6 fxe6 22. Rd7 Nxc3 23. Rxg7+ 1-0


[Site "https://www.chess.com"]

[Event "Titled Tuesday Blitz June 20 Early 2023"]
[White "Krutko, Anatoly"]
[Black "Suarez Uriel, Adrian"]
[WhiteFideId "4185862"]
[BlackFideId "22230874"]
[WhiteElo "2378"]
[BlackElo "2331"]
[Result "1-0"]
[Round "5"]
[TimeControl "180+2"]
[Date "2023.06.20"]
[WhiteClock "0:00:09"]
[BlackClock "0:00:12"]
[Board "122"]

1. Nf3 c5 2. g3 b6 3. Bg2 Bb7 4. O-O Nf6 5. d3 d5 6. Nbd2 e6 7. e4 Be7 8. e5 Nfd7 9. Re1 Nc6 10. Qe2 Qc7 11. Nf1 O-O-O 12. c3 h5 13. h4 Kb8 14. d4 cxd4 15. cxd4 Nb4 16. Bd2 Ba6 17. Bxb4 Bxe2 18. Bxe7 Bxf1 19. Bxf1 Qb7 20. Ng5 f6 21. Nxe6 Nxe5 22. Bxd8 Nf3+ 23. Kg2 Nxe1+ 24. Rxe1 Qd7 25. Bc7+ Kb7 26. Bd3 Re8 27. Bf5 Rxe6 28. Bxe6 Qxc7 29. Bxd5+ Ka6 30. Bf3 g6 31. d5 Qc2 32. Re2 Qd3 33. Re6 Qd4 34. d6 g5 35. hxg5 fxg5 36. a4 g4 37. Be4 Ka5 38. Bc6 a6 39. d7 Kb4 40. Re8 Qc5 41. d8=Q Qxc6+ 42. Kh2 Qf3 43. Qd2+ Kb3 44. Re3+ Ka2 45. Rxf3 1-0


[Site "https://www.chess.com"]

[Event "Titled Tuesday Blitz June 20 Early 2023"]
[White "FREDERICKtheMATE"]
[Black "Aarav Dengla"]
[BlackFideId "45059756"]
[WhiteElo "2404"]
[BlackElo "2288"]
[Result "0-1"]
[Round "5"]
[TimeControl "180+2"]
[Date "2023.06.20"]
[WhiteClock "0:01:36"]
[BlackClock "0:01:05"]
[Board "123"]

1. e4 c5 2. Nf3 d6 3. Bb5+ Nd7 4. c3 Nf6 5. Qe2 e6 6. O-O Be7 7. d4 a6 8. Bd3 cxd4 9. cxd4 e5 10. d5 O-O 11. a4 Nc5 12. Bc2 Bg4 13. b4 Ncd7 14. Ra3 Rc8 15. Rc3 Rxc3 16. Nxc3 Qc7 17. Bb2 Rc8 18. h3 Bxf3 19. Qxf3 Qb6 20. Ba3 Qc7 21. Bb2 Qc4 22. b5 axb5 23. axb5 Bd8 24. Ra1 Bb6 25. Ra4 Qc7 26. Qe2 Bd4 27. Ra3 Bc5 28. Ra2 Bb4 29. b6 Qc5 30. Bd3 Bxc3 31. Bxc3 Qxc3 32. Rc2 Qa1+ 33. Kh2 Rxc2 34. Qxc2 Nc5 0-1


[Site "https://www.chess.com"]

[Event "Titled Tuesday Blitz June 20 Early 2023"]
[White "Goldin, Roman"]
[Black "Gavrilov, Maxim"]
[WhiteFideId "2803860"]
[BlackFideId "24271454"]
[WhiteElo "2312"]
[BlackElo "1969"]
[Result "0-1"]
[Round "5"]
[TimeControl "180+2"]
[Date "2023.06.20"]
[WhiteClock "0:00:00"]
[BlackClock "0:00:03"]
[Board "124"]

1. Nf3 d5 2. b3 Bg4 3. Bb2 Nd7 4. e3 c6 5. h3 Bxf3 6. Qxf3 e5 7. c4 Ngf6 8. cxd5 cxd5 9. g4 h6 10. Nc3 e4 11. Qg3 Nc5 12. Bb5+ Ncd7 13. Qe5+ Qe7 14. Qc7 Qd6 15. Qxb7 Rb8 16. Qxa7 Be7 17. Ba3 Qe5 18. Bxe7 Kxe7 19. Qd4 Qd6 20. Bxd7 Kxd7 21. O-O Rb4 22. Qa7+ Ke6 23. Ne2 Nd7 24. Nf4+ Kf6 25. Qa5 Nb6 26. Rac1 Ra8 27. Qc5 Qxc5 28. Rxc5 Rxa2 29. Nxd5+ Nxd5 30. Rxd5 Rxb3 31. f3 exf3 32. Rxf3+ Ke6 33. Rd4 Rb1+ 34. Kf2 Rh1 35. Ke2 Rh2+ 36. Kd3 Raxd2+ 37. Ke4 Rde2 38. Rb4 f6 39. Rb6+ Kf7 40. Rb7+ Kg6 41. Rg3 Ref2 42. Rc7 Rf1 43. Rd7 Rfh1 44. Kf4 Rxh3 45. Rxh3 Rxh3 46. Ke4 Rg3 47. Kf4 Rg1 48. Kf3 Rf1+ 49. Kg3 Ra1 50. Kf4 Ra4+ 51. Kf3 Rb4 52. Kg3 Rb8 53. Kf4 Rg8 54. e4 Kh7 55. Kf5 Re8 56. Kf4 Re5 57. Kf3 Kg8 58. Kf4 Kf8 59. Kf3 Re7 60. Rd6 Kf7 61. Rc6 Ra7 62. Kf4 g5+ 63. Kf3 Ra3+ 64. Kf2 Kg6 65. Rd6 Rh3 66. Re6 Rh4 67. Kf3 Rh3+ 68. Kf2 Rh2+ 69. Kg3 Re2 70. Kf3 Re1 71. Kf2 Ra1 72. e5 Ra2+ 73. Kf3 Ra3+ 74. Kf2 Ra4 75. Rxf6+ Kg7 76. Kf3 Ra3+ 77. Ke4 Ra4+ 78. Kf5 Rf4+ 79. Ke6 Rxg4 80. Rf7+ Kg6 81. Rf6+ Kh5 82. Kf7 Re4 83. e6 g4 84. e7 g3 85. Re6 Rf4+ 86. Kg7 Rg4+ 87. Kh7 g2 88. e8=Q+ Kh4 89. Qe7+ Kg3 90. Re3+ Kh2 91. Re2 Kh1 92. Qb7 h5 93. Qd5 h4 94. Qf3 Rg3 95. Qh5 h3 96. Qh4 g1=Q 0-1


[Site "https://www.chess.com"]

[Event "Titled Tuesday Blitz June 20 Early 2023"]
[White "chess123456s"]
[Black "Nikologorsky, Matfei"]
[BlackFideId "24102474"]
[WhiteElo "2526"]
[BlackElo "2153"]
[Result "1-0"]
[Round "5"]
[TimeControl "180+2"]
[Date "2023.06.20"]
[WhiteClock "0:00:08"]
[BlackClock "0:00:03"]
[Board "125"]

1. d4 Nf6 2. Nc3 d5 3. Bf4 a6 4. e3 c5 5. Nf3 Nc6 6. Bd3 cxd4 7. exd4 Bg4 8. Be2 e6 9. O-O Bxf3 10. Bxf3 Qb6 11. Re1 Be7 12. Be5 Qxb2 13. Bxf6 gxf6 14. Ne2 Qb6 15. Rb1 Qc7 16. Qd2 Na5 17. Nf4 Nc4 18. Qc1 O-O-O 19. Nd3 Rhg8 20. Qh6 Na3 21. Rb3 Nc4 22. Rbb1 Kb8 23. g3 Nd6 24. Bg2 Nf5 25. Qxh7 Rg7 26. Qh5 Nxd4 27. c3 Nb5 28. Nf4 f5 29. Qh6 Rgg8 30. c4 Nc3 31. Rbc1 Ne4 32. cxd5 Qd6 33. dxe6 fxe6 34. Qxe6 Qxe6 35. Nxe6 Rd2 36. Bxe4 fxe4 37. Nc5 Bxc5 38. Rxc5 Rxa2 39. Rxe4 Rb2 40. Re7 Rd8 41. h4 Rd1+ 42. Kg2 Rdd2 43. Rf7 b6 44. Rg5 Rd8 45. h5 a5 46. h6 a4 47. h7 a3 48. Rg8 Rd2 49. h8=Q a2 50. Rxd8+ Rxd8 51. Qxd8# 1-0


[Site "https://www.chess.com"]

[Event "Titled Tuesday Blitz June 20 Early 2023"]
[White "Kotepalli, Sai Nirupama"]
[Black "Siniauski, Artsiom"]
[WhiteFideId "5039444"]
[BlackFideId "13512269"]
[WhiteElo "2391"]
[BlackElo "2065"]
[Result "1-0"]
[Round "5"]
[TimeControl "180+2"]
[Date "2023.06.20"]
[WhiteClock "0:01:26"]
[BlackClock "0:00:34"]
[Board "126"]

1. e4 e6 2. d3 d5 3. Nd2 c5 4. Ngf3 Nc6 5. g3 Nf6 6. Bg2 g6 7. O-O Bg7 8. c3 O-O 9. Qe2 a5 10. a3 b5 11. Re1 Ba6 12. Nf1 b4 13. e5 Nd7 14. Bf4 bxc3 15. bxc3 Rb8 16. h4 Rb3 17. Qc2 Qb6 18. Ne3 d4 19. cxd4 Bxd3 20. dxc5 Nxc5 21. Qc1 Ba6 22. Nc4 Bxc4 23. Qxc4 Nd3 24. Re3 Nb2 25. Qxb3 1-0


[Site "https://www.chess.com"]

[Event "Titled Tuesday Blitz June 20 Early 2023"]
[White "Toropov, Pavel"]
[Black "Ritvin, Stanislav"]
[WhiteFideId "24129178"]
[BlackFideId "2011751"]
[WhiteElo "2182"]
[BlackElo "2385"]
[Result "1-0"]
[Round "5"]
[TimeControl "180+2"]
[Date "2023.06.20"]
[WhiteClock "0:00:22"]
[BlackClock "0:00:53"]
[Board "127"]

1. e4 e5 2. Nf3 Nc6 3. d4 exd4 4. Nxd4 Nf6 5. Nc3 Bb4 6. Nxc6 bxc6 7. Bd3 d5 8. exd5 cxd5 9. O-O O-O 10. Bg5 c6 11. Qf3 Qd6 12. Bxf6 Qxf6 13. Qxf6 gxf6 14. a3 Ba5 15. Ne2 Bb6 16. Ng3 Re8 17. Rfe1 Bd7 18. Kf1 Rxe1+ 19. Rxe1 Re8 20. Rxe8+ Bxe8 21. Nf5 Bd7 22. Ne3 h6 23. Ke2 Kf8 24. c4 Be6 25. cxd5 cxd5 26. b4 Ke7 27. Bf5 Kd6 28. Bd3 Bd4 29. g3 Bb2 30. Nc2 Bc3 31. Ke3 Ke5 32. f4+ Kd6 33. Nd4 Bb2 34. Nb5+ Kd7 35. Kd2 a6 36. Kc2 Ba1 37. Kb1 axb5 38. Bxb5+ Kd6 39. Kxa1 d4 40. Kb2 Kd5 41. Bd3 Bd7 42. Kc2 Ba4+ 43. Kd2 Kd6 44. Bc2 Bb5 45. a4 Bc4 46. Bd3 Bb3 47. a5 Kc6 48. Ke2 Ba4 49. Kf3 Kd5 50. a6 Kc6 51. Ke4 1-0


[Site "https://www.chess.com"]

[Event "Titled Tuesday Blitz June 20 Early 2023"]
[White "Fernandez Siles, Luis"]
[Black "MaryanKyrychenko"]
[WhiteFideId "2209420"]
[WhiteElo "2195"]
[BlackElo "2519"]
[Result "1/2-1/2"]
[Round "5"]
[TimeControl "180+2"]
[Date "2023.06.20"]
[WhiteClock "0:00:03"]
[BlackClock "0:00:08"]
[Board "128"]

1. d4 Nf6 2. c4 e6 3. Nf3 Bb4+ 4. Bd2 c5 5. g3 O-O 6. Bg2 Nc6 7. O-O Bxd2 8. Qxd2 cxd4 9. Nxd4 d5 10. Rd1 Qb6 11. Na3 Rd8 12. cxd5 exd5 13. Rac1 a6 14. e3 Bg4 15. f3 Bh5 16. Nxc6 bxc6 17. Qd4 Qb7 18. b3 a5 19. Rc5 Nd7 20. Rc3 Qb4 21. Nc2 Qb5 22. Qh4 Bg6 23. Nd4 Qb4 24. Rxc6 Ne5 25. Rcc1 Nd3 26. Rc7 Rdc8 27. Rxc8+ Rxc8 28. Ne2 Qxh4 29. gxh4 Rc2 30. Nd4 Rxa2 31. h5 Bxh5 32. Rxd3 f6 33. Nf5 Kf7 34. Nd6+ Ke6 35. Nb5 a4 36. Nd4+ Ke5 37. bxa4 Rxa4 38. Kf2 g5 39. Kg3 Ra2 40. f4+ Kd6 41. Nf5+ Ke6 42. Rxd5 Rxg2+ 43. Kxg2 Kxd5 44. fxg5 fxg5 45. e4+ Ke5 46. Ng3 Bg6 47. Kf2 Bxe4 48. Ne2 h5 49. h4 g4 50. Ng3 Bg6 51. Ne2 Be8 52. Kg3 Ke4 53. Nf4 Ke3 54. Ne6 Bf7 55. Ng5 Bd5 56. Nh7 Ke4 57. Nf6+ Ke5 58. Nxh5 Bf7 59. Nf4 Kf5 60. Ng2 Kg6 61. Kxg4 Kh6 62. Nf4 Be8 63. h5 Bxh5+ 1/2-1/2


[Site "https://www.chess.com"]

[Event "Titled Tuesday Blitz June 20 Early 2023"]
[White "Droin, Augustin"]
[Black "Bogaudinov, Rushan"]
[WhiteFideId "45105987"]
[BlackFideId "4129288"]
[WhiteElo "2333"]
[BlackElo "1967"]
[Result "0-1"]
[Round "5"]
[TimeControl "180+2"]
[Date "2023.06.20"]
[WhiteClock "0:00:00"]
[BlackClock "0:00:15"]
[Board "129"]

1. e4 c5 2. Nf3 e6 3. d4 cxd4 4. Nxd4 a6 5. g3 Nc6 6. Bg2 Qc7 7. O-O Nf6 8. c4 Bc5 9. Nb3 Be7 10. Nc3 O-O 11. Bg5 h6 12. Be3 Rb8 13. Rc1 b5 14. Nd5 exd5 15. cxd5 Qe5 16. dxc6 dxc6 17. Bf4 Qxb2 18. Bxb8 Qxa2 19. Be5 Bg4 20. Qc2 Qa4 21. Ra1 Qb4 22. Rxa6 Rc8 23. Bc3 Qc4 24. Nd2 Qe2 25. e5 Nd5 26. Bb2 Nb4 27. Qc3 Nxa6 28. Ne4 b4 29. Qd4 c5 30. Qd5 Qxb2 31. Qb7 Qa2 32. Qxe7 Qe6 33. Qb7 Rb8 34. Qa7 Be2 35. Ra1 b3 36. Nd6 b2 37. Rb1 Bd3 38. Qxa6 Bxb1 39. Qa7 Qb3 40. Bd5 Qd1+ 41. Kg2 Qxd5+ 42. Kh3 Qb3 43. e6 Bf5+ 44. Kg2 Bxe6 0-1


[Site "https://www.chess.com"]

[Event "Titled Tuesday Blitz June 20 Early 2023"]
[White "Alahakoon, Isuru"]
[Black "Liu, Casper"]
[WhiteFideId "9900993"]
[BlackFideId "1454153"]
[WhiteElo "1819"]
[BlackElo "2221"]
[Result "1-0"]
[Round "5"]
[TimeControl "180+2"]
[Date "2023.06.20"]
[WhiteClock "0:00:45"]
[BlackClock "0:01:01"]
[Board "130"]

1. Nf3 d6 2. d4 g6 3. Nc3 Bg7 4. e4 Nf6 5. h3 O-O 6. Be3 a6 7. a4 b6 8. Bd3 Bb7 9. O-O c5 10. Qe2 c4 11. Bxc4 Nxe4 12. Nxe4 Bxe4 13. Ng5 Bb7 14. Qg4 e6 15. Bxe6 fxe6 16. Qxe6+ Kh8 17. Nf7+ Rxf7 18. Qxf7 Nd7 19. Rae1 Qe8 20. Qf4 Nf6 21. Qxd6 Qf7 22. Qxb6 Ne4 23. f3 Ng3 24. Rf2 Nf5 25. c3 h5 26. Bg5 Bd5 27. Rfe2 Ng3 28. Re7 Qf8 29. Qxg6 Nf5 30. Re8 1-0


[Site "https://www.chess.com"]

[Event "Titled Tuesday Blitz June 20 Early 2023"]
[White "Turzo, Attila"]
[Black "Cesar Maestre, Bernardo"]
[WhiteFideId "704954"]
[BlackFideId "24542547"]
[WhiteElo "2515"]
[BlackElo "2271"]
[Result "1-0"]
[Round "5"]
[TimeControl "180+2"]
[Date "2023.06.20"]
[WhiteClock "0:02:05"]
[BlackClock "0:01:58"]
[Board "131"]

1. d4 Nf6 2. c4 e6 3. g3 d5 4. Bg2 Be7 5. Nf3 O-O 6. O-O c6 7. Qc2 a5 8. Nbd2 a4 9. e4 Qa5 10. Rd1 Rd8 11. e5 Nfd7 12. Bf1 a3 13. b3 b6 14. Bd3 Nf8 15. Nf1 Bb7 16. h4 c5 17. Ng5 h6 18. Bh7+ 1-0


[Site "https://www.chess.com"]

[Event "Titled Tuesday Blitz June 20 Early 2023"]
[White "Bilan, Danila"]
[Black "Bueno, Alfeu Junior Varela"]
[WhiteFideId "24161918"]
[BlackFideId "2108879"]
[WhiteElo "2146"]
[BlackElo "2175"]
[Result "0-1"]
[Round "5"]
[TimeControl "180+2"]
[Date "2023.06.20"]
[WhiteClock "0:00:05"]
[BlackClock "0:01:23"]
[Board "132"]

1. d4 e6 2. Nf3 f5 3. g3 b6 4. Bg2 Bb7 5. O-O Nf6 6. c4 Be7 7. d5 O-O 8. Nc3 Bb4 9. Nd4 Bxc3 10. bxc3 Qc8 11. dxe6 Bxg2 12. e7 Bxf1 13. exf8=Q+ Qxf8 14. Qxf1 Ne4 15. f3 Nc5 16. Bf4 Ne6 17. Nxe6 dxe6 18. Bxc7 Qc5+ 19. Qf2 Qxc7 20. Rd1 Nd7 21. Qe3 Qc5 22. Qd4 e5 23. Qf2 Qxf2+ 24. Kxf2 Nf6 25. f4 exf4 26. gxf4 Rc8 27. Rd4 Kf7 28. a4 Ke6 29. Ke3 Ne4 30. Kd3 Nc5+ 0-1


[Site "https://www.chess.com"]

[Event "Titled Tuesday Blitz June 20 Early 2023"]
[White "Camilla_Lee"]
[Black "Jiganchine, Roman"]
[BlackFideId "2603667"]
[WhiteElo "2515"]
[BlackElo "2325"]
[Result "1-0"]
[Round "5"]
[TimeControl "180+2"]
[Date "2023.06.20"]
[WhiteClock "0:02:01"]
[BlackClock "0:02:17"]
[Board "133"]

1. e4 e5 2. Nf3 Nc6 3. Nc3 Nf6 4. d4 exd4 5. Nd5 Nb4 6. Bc4 Be7 7. O-O Nbxd5 8. exd5 O-O 9. Nxd4 d6 10. h3 Bf5 11. Nxf5 Re8 12. Qf3 Bf8 13. Bg5 1-0


[Site "https://www.chess.com"]

[Event "Titled Tuesday Blitz June 20 Early 2023"]
[White "MAHanif"]
[Black "a-z30"]
[WhiteElo "2314"]
[BlackElo "2514"]
[Result "1-0"]
[Round "5"]
[TimeControl "180+2"]
[Date "2023.06.20"]
[WhiteClock "0:00:06"]
[BlackClock "0:00:00"]
[Board "134"]

1. Nf3 d6 2. g3 g6 3. Bg2 Bg7 4. O-O c5 5. d3 Nc6 6. Nbd2 Qd7 7. c3 b6 8. Qa4 Bb7 9. Qc2 e5 10. e4 Nge7 11. Nc4 O-O 12. Ne3 d5 13. exd5 Nxd5 14. Nxd5 Qxd5 15. Nh4 Qd7 16. Rd1 Rad8 17. Bg5 f6 18. Be3 Qf7 19. Qb3 Rd6 20. Nf3 Rfd8 21. Ne1 R6d7 22. h4 h5 23. Be4 f5 24. Bg2 Bf6 25. Kh2 Kg7 26. Qxf7+ Kxf7 27. Rdc1 Rd6 28. Kg1 Ba6 29. Bf1 Ne7 30. d4 Bxf1 31. dxe5 Bxe5 32. Kxf1 Nd5 33. Bg5 Bf6 34. Nf3 Ne7 35. Re1 Nc6 36. Re2 Rd1+ 37. Rxd1 Rxd1+ 38. Re1 Rd3 39. Re3 Rd5 40. Re2 b5 41. Bxf6 Kxf6 42. Ng5 Ne5 43. f4 Ng4 44. Re6+ Kg7 45. Re7+ Kg8 46. Rxa7 Rd2 47. Rc7 c4 48. Rc8+ Kg7 49. Rc7+ Kf8 50. Rc6 Kg7 51. Ne6+ Kf7 52. Ng5+ Kg7 53. Rc7+ Kf8 54. b3 cxb3 55. axb3 Rd3 56. b4 Rxg3 57. Rc5 Ke7 58. Rc7+ 1-0


[Site "https://www.chess.com"]

[Event "Titled Tuesday Blitz June 20 Early 2023"]
[White "Kuznetsova, Olga"]
[Black "Rodriguez Polo, Mateo"]
[WhiteFideId "4191323"]
[BlackFideId "24509396"]
[WhiteElo "2134"]
[BlackElo "2117"]
[Result "1-0"]
[Round "5"]
[TimeControl "180+2"]
[Date "2023.06.20"]
[WhiteClock "0:00:35"]
[BlackClock "0:00:00"]
[Board "135"]

1. d4 Nf6 2. Nf3 d5 3. c4 e6 4. Nc3 dxc4 5. Bg5 Bb4 6. e3 b5 7. a4 c6 8. Ne5 Bb7 9. Qf3 h6 10. Bh4 a6 11. Be2 Be7 12. O-O O-O 13. axb5 axb5 14. Rxa8 Bxa8 15. Nxb5 cxb5 16. Qxa8 Nbd7 17. Qb7 Qb6 18. Qxb6 Nxb6 19. Nc6 Bd6 20. Ra1 Rc8 21. Bf3 Nfd5 22. Na7 Ra8 23. Ra6 Bc7 24. Bg3 Bxg3 25. hxg3 b4 26. Kf1 c3 27. bxc3 bxc3 28. Ke2 Rb8 29. Nc6 Rc8 30. Rxb6 Nxb6 31. Ne7+ Kf8 32. Nxc8 Nxc8 33. Kd3 Nd6 34. Kxc3 Ke7 35. Kd3 f6 36. e4 e5 37. Bh5 exd4 38. Kxd4 Nb5+ 39. Ke3 Nc7 40. f4 g5 41. Kd4 Nb5+ 42. Kd3 Nc7 43. Be2 Kd6 44. Kd4 Ne6+ 45. Ke3 Nc5 46. Bc4 Nd7 47. Kd4 Nc5 48. e5+ fxe5+ 49. fxe5+ Kc6 50. Bd5+ Kb6 51. e6 1-0


[Site "https://www.chess.com"]

[Event "Titled Tuesday Blitz June 20 Early 2023"]
[White "Antonio, Jorge Carlos"]
[Black "Zaragatski, Ilja"]
[WhiteFideId "113190"]
[BlackFideId "4655192"]
[WhiteElo "2247"]
[BlackElo "2460"]
[Result "0-1"]
[Round "5"]
[TimeControl "180+2"]
[Date "2023.06.20"]
[WhiteClock "0:00:00"]
[BlackClock "0:00:47"]
[Board "136"]

1. e4 d6 2. Nf3 Nf6 3. Nc3 e5 4. d4 Nbd7 5. dxe5 dxe5 6. Bc4 Be7 7. O-O c6 8. Qe2 O-O 9. h3 b5 10. Bb3 Qc7 11. Be3 Nc5 12. Rfd1 a5 13. Bxc5 Bxc5 14. Ng5 a4 15. Bxf7+ Rxf7 16. Nxf7 Kxf7 17. g4 Be6 18. Qf3 Kg8 19. Rd2 Rf8 20. Qg3 a3 21. b3 Bb4 22. Re2 Nd7 23. Rd1 Qa5 24. Nb1 Bc5 25. Kg2 b4 26. Nd2 Bd4 27. Nf3 c5 28. Nxd4 cxd4 29. Red2 Rf7 30. f3 Nf8 31. Rd3 Ng6 32. Kh2 Nf4 33. R3d2 Rc7 34. h4 Rc3 35. g5 Qc7 36. h5 Nxh5 37. Qh4 Nf4 38. g6 Nxg6 39. Qg5 Qf7 0-1


[Site "https://www.chess.com"]

[Event "Titled Tuesday Blitz June 20 Early 2023"]
[White "De Souza, Cristiano Gomes"]
[Black "Rodchenkov, Sergey D."]
[WhiteFideId "2151758"]
[BlackFideId "4168712"]
[WhiteElo "2068"]
[BlackElo "2277"]
[Result "1/2-1/2"]
[Round "5"]
[TimeControl "180+2"]
[Date "2023.06.20"]
[WhiteClock "0:00:08"]
[BlackClock "0:00:06"]
[Board "137"]

1. d4 d5 2. c4 dxc4 3. Nf3 Nf6 4. e3 e6 5. Bxc4 a6 6. O-O c5 7. dxc5 Bxc5 8. Qe2 Nbd7 9. Rd1 b5 10. Bb3 Bb7 11. Nbd2 O-O 12. Nf1 Qb6 13. Bd2 Rfd8 14. a3 a5 15. Ng3 Be7 16. Bc3 Nc5 17. Bc2 b4 18. axb4 axb4 19. Bd4 Ba6 20. Qe1 Qb7 21. Ra5 Ncd7 22. Rda1 Bc4 23. Rxa8 Rxa8 24. Rxa8+ Qxa8 25. b3 Bd5 26. e4 Bb7 27. h3 Nc5 28. Bxf6 gxf6 29. Qxb4 Nxe4 30. Qxe7 Nxg3 31. fxg3 Bxf3 32. Bxh7+ Kg7 33. gxf3 Qxf3 34. Bc2 Qxg3+ 35. Kf1 Qxh3+ 36. Ke2 Qc3 37. Kd1 Qa1+ 38. Kd2 Qd4+ 39. Kc1 f5 40. Qg5+ Kf8 41. Qd2 Qa1+ 42. Bb1 Qa3+ 43. Qb2 Qc5+ 44. Qc2 Qe3+ 45. Kb2 f4 46. b4 Kg8 47. Qe4 Qd2+ 48. Bc2 f3 49. Qxf3 Qxb4+ 50. Qb3 Qd4+ 51. Qc3 Qb6+ 52. Kc1 Qd6 53. Qd3 Qb4 54. Qd8+ Kg7 55. Qg5+ Kf8 56. Qd8+ Kg7 57. Qg5+ Kf8 58. Qd8+ Kg7 1/2-1/2


[Site "https://www.chess.com"]

[Event "Titled Tuesday Blitz June 20 Early 2023"]
[White "angelgab3"]
[Black "SicilianPanzer"]
[WhiteElo "2512"]
[BlackElo "2235"]
[Result "1-0"]
[Round "5"]
[TimeControl "180+2"]
[Date "2023.06.20"]
[WhiteClock "0:01:43"]
[BlackClock "0:00:00"]
[Board "138"]

1. e4 d6 2. d4 Nf6 3. Nc3 g6 4. f4 Bg7 5. Nf3 O-O 6. e5 Nfd7 7. Bc4 Nb6 8. Bb3 Nc6 9. Qe2 Bg4 10. Be3 Na5 11. h3 Bxf3 12. Qxf3 Nbc4 13. O-O-O Nxe3 14. Qxe3 c6 15. h4 b5 16. h5 Nxb3+ 17. axb3 Qa5 18. Kb1 dxe5 19. dxe5 Rfd8 20. hxg6 Rxd1+ 21. Rxd1 hxg6 22. Ne4 Qb6 23. Qh3 Rd8 24. Rh1 Qd4 25. Ng5 Qxf4 26. Nf3 Rd5 27. Qc8+ Bf8 28. Qxc6 Rd4 29. e6 1-0


[Site "https://www.chess.com"]

[Event "Titled Tuesday Blitz June 20 Early 2023"]
[White "Horak, Martin"]
[Black "Kev4444444444"]
[WhiteFideId "367095"]
[WhiteElo "2091"]
[BlackElo "2191"]
[Result "1-0"]
[Round "5"]
[TimeControl "180+2"]
[Date "2023.06.20"]
[WhiteClock "0:00:11"]
[BlackClock "0:00:04"]
[Board "139"]

1. e4 c5 2. Nf3 g6 3. c3 Nf6 4. e5 Nd5 5. d4 cxd4 6. Qxd4 Nc7 7. Bc4 Bg7 8. Qh4 Nc6 9. Bh6 Bxh6 10. Qxh6 d5 11. exd6 Qxd6 12. Qg7 Rf8 13. O-O h5 14. Ng5 Be6 15. Na3 O-O-O 16. Rfe1 Bxc4 17. Nxc4 Qc5 18. Ne5 Nxe5 19. Rxe5 Qd6 20. Ree1 Qf4 21. Nf3 e6 22. h4 Nd5 23. Rad1 Rg8 24. Qe5 Qf5 25. Qd4 Kb8 26. c4 Ne7 27. Qe5+ Ka8 28. Rxd8+ Rxd8 29. Qc7 Nc6 30. Ne5 Rb8 31. Nxc6 bxc6 32. Qxc6+ Rb7 33. Rd1 Qf6 34. Rd7 Qxb2 35. Rd8# 1-0


[Site "https://www.chess.com"]

[Event "Titled Tuesday Blitz June 20 Early 2023"]
[White "Semenova, Alina"]
[Black "Goffredo_Fofi"]
[WhiteFideId "24113875"]
[WhiteElo "1833"]
[BlackElo "2511"]
[Result "0-1"]
[Round "5"]
[TimeControl "180+2"]
[Date "2023.06.20"]
[WhiteClock "0:01:29"]
[BlackClock "0:02:33"]
[Board "140"]

1. e4 g6 2. d4 Bg7 3. Nc3 c6 4. Be3 d5 5. e5 f6 6. Nf3 Nh6 7. exf6 exf6 8. Qe2 O-O 9. O-O-O a5 10. Kb1 a4 11. a3 b5 12. h3 Nd7 13. g4 Nf7 14. Na2 Nb6 15. Qd2 Nc4 16. Bxc4 bxc4 17. Bh6 Bxh6 0-1


[Site "https://www.chess.com"]